Selects Australian Defense Battlegroup
Selects Australian Defense Battlegroup
Selects Australian Light Infantry Section
Australian Light Infantry Section
Construct Section Command Post
Australian Light Infantry Section
Selects Defensive Tactics
Construct Field Infirmary
Construct Platoon Command Post
Unlock M3 Stuart Light Tanks
Australian Light Infantry Section
Selects CMP 15cwt Supply Run
Selects Artillery Trip Wire Flares
Selects Archer Tank Destroyer
Australian Light Infantry Section
Australian Light Infantry Section